 Dungeon Sprint DCSS version 0.19-a0-1568-gdd01aac (webtiles) character file.

11639 poirepourri the Ninja (level 11, -3/47 HPs)
             Began as a Spriggan Enchanter on Sept 15, 2016.
             Was the Champion of Dithmenos.
             Slain by a spriggan rider
             ... wielding a +2 spear of piercing
              (20 damage)
             ... in the Dungeon (Sprint IV: "Fedhas' Mad Dash").
             The game lasted 00:06:21 (1871 turns).

poirepourri the Ninja (Spriggan Enchanter)          Turns: 1871, Time: 00:06:21

Health: -3/47      AC:  3    Str:  7    XL:     11   Next: 52%
Magic:  11/28      EV: 27    Int: 18    God:    Dithmenos [******]
Gold:   255        SH:  0    Dex: 19    Spells: 7 memorised, 19 levels left

rFire  . . .     SeeInvis +     s - +3 rapier
rCold  . . .     Gourm    .     b - +1 robe
rNeg   . . .     Faith    .     (shield restricted)
rPois  .         Spirit   .     (helmet restricted)
rElec  .         Dismiss  .     (no cloak)
rCorr  .         Reflect  .     (gloves unavailable)
MR     +....     Harm     .     (boots unavailable)
Stlth  ++++++++++ NoTele   +    l - amulet of invisibility {+Inv}
                                (no ring)
                                o - +3 ring of strength

@: very slightly contaminated, wreathed by umbra, invisible, very quick
A: unfitting armour, see invisible, herbivore 3, speed 3, slow metabolism 2
a: Shadow Step, Shadow Form, Renounce Religion, Turn Visible


You were in the Dungeon.
You worshipped Dithmenos.
Dithmenos was exalted by your worship.
You were hungry.

You visited 1 branch You collected 255 gold pieces.

Inventory:

Hand Weapons
 a - a +1 dagger
 n - a +0 rapier
 r - a +5 blowgun
 s - a +3 rapier (weapon)
Armour
 b - a +1 robe (worn)
Jewellery
 l - the amulet of invisibility (around neck) {+Inv}
   (You found it in the Dungeon)

   [amulet of nothing]

   It lets you turn invisible.
 o - a +3 ring of strength (left hand)
Potions
 e - a potion of curing
 g - a potion of haste
 h - a potion of magic
 i - a potion of berserk rage
 m - a potion of flight {unknown}
Books
 c - a book of Maledictions

   Spells                             Type                      Level
   a - Corona                         Hexes                        1
   b - Ensorcelled Hibernation        Hexes/Ice                    2
   c - Confuse                        Hexes                        3
   d - Tukima's Dance                 Hexes                        3
   e - Dazzling Spray                 Conjuration/Hexes            3
 p - a book of Cantrips

   Spells                             Type                      Level
   a - Confusing Touch                Hexes                        1
   b - Animate Skeleton               Necromancy                   1
   c - Summon Small Mammal            Summoning                    1
   d - Apportation                    Translocation                1
 q - a book of Callings

   Spells                             Type                      Level
   a - Summon Small Mammal            Summoning                    1
   b - Call Imp                       Summoning                    2
   c - Call Canine Familiar           Summoning                    3
   d - Summon Guardian Golem          Hexes/Summoning              3
   e - Summon Lightning Spire         Summoning/Air                4
   f - Summon Ice Beast               Ice/Summoning                4
 t - a book of Necromancy

   Spells                             Type                      Level
   a - Pain                           Necromancy                   1
   b - Animate Skeleton               Necromancy                   1
   c - Vampiric Draining              Necromancy                   3
   d - Regeneration                   Charms/Necromancy            3
   e - Animate Dead                   Necromancy                   4
   f - Control Undead                 Necromancy                   4
Comestibles
 d - a bread ration
 j - 10 royal jellies
 k - 5 fruits


   Skills:
 + Level 9.9 Short Blades
 + Level 10.1 Dodging
 O Level 27 Stealth
 + Level 12.7 Spellcasting
 + Level 2.2 Conjurations
 + Level 13.9 Hexes
 - Level 0.1 Ice Magic
 + Level 3.8 Invocations
 + Level 8.2 Evocations


You had 19 spell levels left.
You knew the following spells:

 Your Spells              Type           Power        Failure   Level  Hunger
a - Corona                Hex            ######.      1%          1    None
b - Ensorcelled Hibernat  Hex/Ice        #####.       1%          2    None
c - Confuse               Hex            ######..     1%          3    None
d - Tukima's Dance        Hex            ######..     1%          3    None
e - Dazzling Spray        Conj/Hex       #####.       1%          3    None
f - Summon Guardian Gole  Hex/Summ       #####...     1%          3    None
g - Confusing Touch       Hex            ######       1%          1    None


Dungeon Overview and Level Annotations

Branches:
Dungeon (1/1)

Altars:
Cheibriados
Dithmenos
Elyvilon
Gozag
Hepliaklqana
Kikubaaqudgha
Makhleb
Nemelex Xobeh
Okawaru
Qazlal
Ru
Sif Muna
Trog
Uskayaw
Vehumet
Xom
Yredelemnul
Zin
The Shining One
Beogh
Jiyva
Lugonu

Shops:
D %((?[([}[(?


Innate Abilities, Weirdness & Mutations

You are tiny and cannot use many weapons and most armour.
You have supernaturally acute eyesight. (SInv)
You are a herbivore.
You cover ground extremely quickly.
You need consume almost no food.


Message History

You emit a cloud of dark smoke.
* * * LOW HITPOINT WARNING * * *
You feel much better. The spriggan rider misses you.
Casting: Dazzling Spray
Confirm with . or Enter, or press ? or * to list all spells.
Aiming: Dazzling Spray
Press: ? - help, Shift-Dir - straight line, f/p - demonic crawler
Aim: a demonic crawler (moderately wounded, blind, clinging, hasn't noticed you, umbra)
The spray of energy hits the spriggan rider.
The spriggan rider is severely wounded.
The spriggan rider hits you from afar with a spear of piercing!
You emit a cloud of dark smoke.
Casting: Dazzling Spray
Confirm with . or Enter, or press ? or * to list all spells.
Aiming: Dazzling Spray
Press: ? - help, Shift-Dir - straight line, f - spriggan rider, p - demonic crawler
Aim: a spriggan rider, wielding a spear of piercing (black smoke, severely wounded, umbra)
The spray of energy misses the spriggan rider.
The spriggan rider hits you from afar with a spear of piercing!!
You die...

#∩...................P.#####.
#∩...........[......)P.......
#∩...................P...####
###########'############## **
#..........# *##..#****,
#.......P..# *..y.+,,,,,
###.P§§§§### *....#****,
###§§§## ##$$$$# **
#§§@§####$$$$$#****∩
#.§§§i...$$$$$+,,,,∩
#..§.§...$s$$y#****∩
********###############*****
*,,,,,,,,*,,*,,*,,*,,*,,*,,*
*,,,,,,,,,,,,,,,,,,,,,,,,,,,
*,,,,,,,,*,,*,,*,,*,,*,,*,,*
**++++**********************
*,,,,,,* ******,,,,,**


You could see a spriggan rider.

Vanquished Creatures
  Agnes (D)
  A ghost moth (D)
  A spriggan defender (D)
  A spriggan berserker (D)
  A spriggan druid (D)
  8 oklob plants (D)
  2 demonic crawlers (D)
  3 burning bushes (D)
  3 wandering mushrooms (D)
  A queen bee (D)
  3 wasps (D)
  2 scorpions (D)
  4 killer bees (D)
  5 oklob saplings (D)
  A worker ant (D)
  7 spriggans (D)
  A river rat (D)
  A rat (D)
  2 ballistomycetes (D)
  2 ballistomycete spores (D)
50 creatures vanquished.

Notes
Turn   | Place    | Note
-------+----------+-------------------------------------------
     0 | D        | poirepourri the Spriggan Enchanter began the quest for the Orb.
     0 | D        | Reached XP level 1. HP: 9/9 MP: 5/5
     8 | D        | Reached skill level 6 in Stealth
     8 | D        | Reached XP level 2. HP: 13/13 MP: 6/6
    13 | D        | Reached skill level 7 in Stealth
    23 | D        | Learned a level 2 spell: Ensorcelled Hibernation
    35 | D        | Noticed an oklob sapling
    36 | D        | Killed an oklob sapling
    36 | D        | Reached skill level 9 in Stealth
    36 | D        | Reached XP level 3. HP: 16/16 MP: 8/8
    42 | D        | Reached skill level 5 in Dodging
    42 | D        | Reached skill level 10 in Stealth
    64 | D        | Noticed an oklob sapling
    67 | D        | Killed an oklob sapling
    67 | D        | Reached skill level 11 in Stealth
    67 | D        | Reached XP level 4. HP: 21/21 MP: 9/9
    72 | D        | Learned a level 3 spell: Confuse
    76 | D        | Learned a level 3 spell: Tukima's Dance
    88 | D        | Found an opulent altar of Gozag.
    88 | D        | Found a hazy altar of Hepliaklqana.
    88 | D        | Found a burning altar of Makhleb.
    88 | D        | Found a roughly hewn altar of Beogh.
    88 | D        | Found a sparkling altar of Nemelex Xobeh.
    88 | D        | Found a snail-covered altar of Cheibriados.
    88 | D        | Found a sacrificial altar of Ru.
    88 | D        | Found a deep blue altar of Sif Muna.
    88 | D        | Found a shimmering altar of Xom.
    88 | D        | Found a basalt altar of Yredelemnul.
    89 | D        | Found a viscous altar of Jiyva.
    89 | D        | Found a bloodstained altar of Trog.
    90 | D        | Found an iron altar of Okawaru.
    90 | D        | Found a glowing silver altar of Zin.
    90 | D        | Found a shadowy altar of Dithmenos.
    91 | D        | Found a hide-covered altar of Uskayaw.
    91 | D        | Found an ancient bone altar of Kikubaaqudgha.
    92 | D        | Found a stormy altar of Qazlal.
    92 | D        | Found a glowing golden altar of the Shining One.
    92 | D        | Found a white marble altar of Elyvilon.
    93 | D        | Found a radiant altar of Vehumet.
    93 | D        | Found a corrupted altar of Lugonu.
   101 | D        | Reached skill level 12 in Stealth
   105 | D        | Became a worshipper of Dithmenos the Shadowed
   162 | D        | Reached XP level 5. HP: 24/24 MP: 10/12
   186 | D        | Reached skill level 13 in Stealth
   187 | D        | Reached * piety under Dithmenos
   187 | D        | Reached skill level 5 in Spellcasting
   189 | D        | Reached skill level 14 in Stealth
   203 | D        | Found Pabbe's Armour Shop.
   203 | D        | Found Zolityug's Magic Scroll Emporium.
   212 | D        | Noticed a burning bush
   212 | D        | Noticed a wandering mushroom
   213 | D        | Noticed a wandering mushroom
   216 | D        | Killed a burning bush
   216 | D        | Reached ** piety under Dithmenos
   216 | D        | Reached skill level 15 in Stealth
   216 | D        | Reached XP level 6. HP: 28/28 MP: 14/16
   217 | D        | Reached skill level 16 in Stealth
   217 | D        | Reached XP level 7. HP: 32/32 MP: 14/17
   218 | D        | Killed a wandering mushroom
   218 | D        | Reached skill level 17 in Stealth
   218 | D        | Reached skill level 10 in Hexes
   227 | D        | Killed a wandering mushroom
   395 | D        | Learned a level 3 spell: Dazzling Spray
   397 | D        | Found Hoanotey's Armour Emporium.
   397 | D        | Found Adisoova's Gadget Shoppe.
   534 | D        | Noticed a queen bee
   556 | D        | Reached skill level 18 in Stealth
   563 | D        | Reached *** piety under Dithmenos
   565 | D        | Reached XP level 8. HP: 21/36 MP: 3/20
   694 | D        | Killed a queen bee
   694 | D        | Reached skill level 5 in Short Blades
   789 | D        | Noticed an oklob plant
   792 | D        | Killed an oklob plant
   792 | D        | Reached **** piety under Dithmenos
   792 | D        | Reached skill level 19 in Stealth
   792 | D        | Reached skill level 1 in Evocations
   808 | D        | Noticed a burning bush
   812 | D        | Killed a burning bush
   812 | D        | Reached skill level 20 in Stealth
   824 | D        | Noticed a burning bush
   824 | D        | Noticed an oklob plant
   827 | D        | Noticed a wandering mushroom
   828 | D        | Killed a burning bush
   828 | D        | Reached XP level 9. HP: 39/39 MP: 20/23
   832 | D        | Killed an oklob plant
   832 | D        | Reached skill level 10 in Spellcasting
   832 | D        | Reached skill level 1 in Invocations
   835 | D        | Killed a wandering mushroom
   835 | D        | Reached ***** piety under Dithmenos
   835 | D        | Reached skill level 21 in Stealth
   880 | D        | Noticed a spriggan druid
   881 | D        | Killed a spriggan druid
   892 | D        | Noticed an oklob plant conjurer
   894 | D        | Killed an oklob plant conjurer
  1021 | D        | Learned a level 3 spell: Summon Guardian Golem
  1023 | D        | Learned a level 1 spell: Confusing Touch
  1028 | D        | Noticed Agnes
  1030 | D        | Found Hyraemit's Antique Weapon Emporium.
  1030 | D        | Found Ihiefed's Armour Shoppe.
  1031 | D        | Killed Agnes
  1031 | D        | Reached skill level 23 in Stealth
  1031 | D        | Reached skill level 5 in Evocations
  1031 | D        | Reached XP level 10. HP: 44/44 MP: 20/26
  1033 | D        | Noticed a spriggan berserker
  1035 | D        | Killed a spriggan berserker
  1041 | D        | Noticed a spriggan defender
  1046 | D        | Killed a spriggan defender
  1046 | D        | Reached skill level 10 in Dodging
  1046 | D        | Reached skill level 24 in Stealth
  1120 | D        | Noticed an oklob plant
  1120 | D        | Noticed an oklob plant summoner
  1121 | D        | Noticed an oklob plant shifter
  1123 | D        | Killed an oklob plant
  1123 | D        | Reached skill level 1 in Conjurations
  1125 | D        | Killed an oklob plant summoner
  1134 | D        | Killed an oklob plant shifter
  1167 | D        | Reached skill level 25 in Stealth
  1167 | D        | Reached XP level 11. HP: 47/47 MP: 28/28
  1169 | D        | Noticed a spriggan rider
  1170 | D        | Found Fapsac's Antique Weapon Emporium.
  1174 | D        | Found Misiesaov's Magic Scroll Shoppe.
  1177 | D        | Killed a spriggan rider
  1226 | D        | Noticed a spriggan rider
  1229 | D        | Killed a spriggan rider
  1229 | D        | Reached ****** piety under Dithmenos
  1229 | D        | Reached skill level 26 in Stealth
  1271 | D        | Noticed a ghost moth
  1288 | D        | Killed a ghost moth
  1544 | D        | Found Qoom's Food Shoppe.
  1544 | D        | Found List's Antique Weapon Boutique.
  1544 | D        | Found Kaoxok's Weapon Emporium.
  1699 | D        | Noticed an oklob plant shifter
  1699 | D        | Noticed an oklob plant meteorologist
  1701 | D        | Killed an oklob plant meteorologist
  1707 | D        | Killed an oklob plant shifter
  1707 | D        | Reached skill level 27 in Stealth
  1855 | D        | Noticed a spriggan rider
  1871 | D        | Slain by a spriggan rider

Vault maps used:
D:        dungeon_sprint_fedhas

Skill      XL: |  1  2  3  4  5  6  7  8  9 10 11 |
---------------+----------------------------------+-----
Dodging        | 4 5 6 7 8 9 10 | 10.1
Stealth        | 6 9 11 12 15 16 18 20 23 25 27 | 27.0
Spellcasting   | 3 4 6 7 9 11 12 | 12.7
Hexes          | 4 6 9 10 11 12 13 | 13.9
Short Blades   | 2 3 4 6 8 9 |  9.9
Evocations     | 1 5 7 8 |  8.2
Invocations    | 1 2 3 |  3.8
Conjurations   | 1 2 |  2.2
Ice Magic      | |  0.1

Action                   |  1- 3 |  4- 6 |  7- 9 | 10-12 || total
-------------------------+-------+-------+-------+-------++-------
Melee: Dagger            |     7 |     8 |       |       ||    15
       Rapier            |       |     2 |    20 |    24 ||    46
 Cast: Ensorcelled Hiber |     1 |       |    10 |       ||    11
       Confuse           |       |     1 |     1 |     1 ||     3
       Dazzling Spray    |       |       |     1 |    24 ||    25
Invok: Shadow Step       |       |       |     3 |     7 ||    10
 Abil: Evoke Invisibilit |       |       |     2 |     1 ||     3
  Use: Scroll            |       |       |     2 |     1 ||     3
       Potion            |       |       |       |     2 ||     2
 Stab: Sleeping          |     4 |     6 |    15 |    12 ||    37
       Confused          |       |     2 |     2 |     1 ||     5
Armor: Robe              |       |       |     1 |       ||     1
Dodge: Dodged            |     4 |       |    30 |    31 ||    65
